 Dungeon Crawl Stone Soup version bcrawl-1.21 (webtiles) character file.

Game seed: 9068806252975558017

550 Freyura the Cudgeler (level 7, -1/53 HPs)
             Began as a Demonspawn Gladiator on Feb 8, 2020.
             Was an Initiate of Ashenzari.
             Slain by Pikel
             ... wielding a +2 whip of flaming
              (4 damage)
             ... on level 4 of the Dungeon.
             The game lasted 00:09:14 (4484 turns).

Freyura the Cudgeler (Demonspawn Gladiator)         Turns: 4484, Time: 00:09:14

Health: -1/53      AC: 10    Str: 15    XL:     7   Next: 7%
Magic:  7/7        EV: 11    Int:  9    God:    Ashenzari [......]
Gold:   223        SH:  0    Dex: 16    Spells: 6/6 levels left

rFire    . . .     SeeInvis .   a - +0 flail (curse)
rCold    . . .     Gourm    .   (no shield)
rNeg     . . .     Faith    .   k - +0 scale mail (curse)
rPois    .         Spirit   .   (helmet restricted)
rElec    .         Reflect  .   (no cloak)
rCorr    .         Harm     .   (no gloves)
MR       .....                  (no boots)
Stlth    ..........             (no amulet)
HPRegen  0.17/turn              (no ring)
MPRegen  0.10/turn              q - +4 ring of protection (curse)

@: no status effects
A: horns 1, demonic guardian 1
a: Curse Item, Renounce Religion


You were on level 4 of the Dungeon.
You worshipped Ashenzari.
Ashenzari was noncommittal.
You were not hungry.

You visited 1 branch of the dungeon, and saw 4 of its levels.

You collected 223 gold pieces.

Inventory:

Hand Weapons
 a - a cursed +0 flail (weapon)
Missiles
 d - 3 throwing nets (quivered) {!f}
Armour
 b - a +0 leather armour
 h - a +0 chain mail
 k - a cursed +0 scale mail (worn)
Jewellery
 q - a cursed +4 ring of protection (right hand)
Scrolls
 m - a scroll of remove curse
Potions
 f - a potion of flight
 g - a potion of mutation {unknown}
 j - 3 potions of heal wounds
 l - a potion of agility {unknown}
 n - a potion of resistance {unknown}
 o - 3 potions of curing
 p - a potion of degeneration {unknown}
Comestibles
 e - 7 rations {!d}


   Skills:
 + Level 3.8 Fighting
 * Level 5.1 Maces & Flails
 - Level 1.7 Throwing
 + Level 2.7 Armour
 + Level 4.0 Dodging


You had 6 spell levels left.
You didn't know any spells.
Your spell library contained the following spells:

 Spells                   Type           Power        Failure   Level  Hunger
 Corona                   Hex            #......      83%         1    ##.....
 Ensorcelled Hibernation  Hex/Ice        #.....       93%         2    ###....
 Confuse                  Hex            #.......     99%         3    ####...
 Dazzling Spray           Conj/Hex       #.....       99%         3    ####...
 Tukima's Dance           Hex            #.......     99%         3    ####...


Dungeon Overview and Level Annotations

Branches:
Dungeon (4/12)
 Temple: D:4-7

Altars:
Ashenzari
Cheibriados
Sif Muna
Trog
Xom

Annotations:
D:4 Pikel


Innate Abilities, Weirdness & Mutations

You have a pair of small horns on your head.
A weak demonic guardian rushes to your aid.


Message History

You hit the ogre.
You kill the ogre!
Your Dodging skill increases to level 4!
You have reached level 7!
Your quasit bites Pikel but does no damage.
Your quasit misses Pikel. x2
Pikel hits you with a +2 whip of flaming.
* * * LOW HITPOINT WARNING * * *
Pikel burns you.
* * * LOW HITPOINT WARNING * * *
You hit Pikel. Your headbutt misses Pikel.
Pikel is lightly wounded.
Your quasit completely misses Pikel.
Your quasit claws Pikel.
Your quasit barely misses Pikel.
Pikel closely misses you.
You hit Pikel. You headbutt Pikel.
Pikel is moderately wounded.
Your quasit barely misses Pikel. x2; Your quasit misses Pikel.
Your quasit bites Pikel.
Your quasit closely misses Pikel. x2
Pikel hits you with a +2 whip of flaming.
You die...

#. #........)....
# #.
##.#.#.#.#####. #
###.###.....###.#
#. #
........#.#.#.##
##. #
#..###.#.##.##
#.# #
#..###.#.##.##
#.# #
#......).....#
#.# #
#5.......##..#
##. #
#K@###.####..# ##
# #.#)# #.#
#..###### # #.
##. #.# #.^#.....
# .. #<...
...#.#### . ..
##.. ## .. ##.# #
.#


You could see Pikel and a friendly quasit.

Vanquished Creatures
  Sigmund (D:4)
  An ogre (D:4)
  A big kobold (D:3)
  A howler monkey (D:2)
  A crimson imp (D:4)
  A worker ant (D:4)
  3 gnolls (D:3)
  4 adders
  A shadow imp (D:3)
  An ooze (D:2)
  7 worms
  3 dart slugs
  3 leopard geckos
  2 orcs
  4 giant cockroaches
  5 goblins
  8 hobgoblins
  7 jackals
  3 kobolds
  A quokka (D:3)
  A ball python (D:2)
  6 bats
  2 frilled lizards (D:1)
  A leopard gecko skeleton (D:2)
  11 rats
79 creatures vanquished.

Vanquished Creatures (collateral kills)
  An adder (D:3)
1 creature vanquished.

Grand Total: 80 creatures vanquished

Notes
Turn   | Place    | Note
-------+----------+-------------------------------------------
     0 | D:1      | Freyura the Demonspawn Gladiator began the quest for the
                  | Orb.
     0 | D:1      | Reached XP level 1. HP: 16/16 MP: 1/1
   395 | D:1      | Gained mutation: A weak demonic guardian rushes to your
                  | aid. [demonic ancestry]
   395 | D:1      | Reached XP level 2. HP: 22/22 MP: 2/2
   438 | D:1      | Reached skill level 3 in Maces & Flails
  1417 | D:2      | Found a shattered altar of Ashenzari.
  1420 | D:2      | Became a worshipper of Ashenzari the Shackled
  1477 | D:2      | Gained mutation: You have a pair of small horns on your
                  | head. [demonic ancestry]
  1477 | D:2      | Reached XP level 3. HP: 23/28 MP: 3/3
  1604 | D:2      | Reached skill level 1 in Armour
  2159 | D:2      | Reached XP level 4. HP: 31/34 MP: 4/4
  2699 | D:3      | Found a faded altar of an unknown god.
  2714 | D:3      | Reached XP level 5. HP: 33/40 MP: 5/5
  2870 | D:3      | Reached skill level 4 in Maces & Flails
  3177 | D:3      | Reached XP level 6. HP: 29/47 MP: 6/6
  3412 | D:3      | Found a radiant altar of Vehumet.
  3414 | D:3      | Found a shimmering blue altar of Sif Muna.
  3414 | D:3      | Found a shattered altar of Ashenzari.
  3416 | D:3      | Found a shimmering altar of Xom.
  3416 | D:3      | Found a snail-covered altar of Cheibriados.
  3416 | D:3      | Found a burning altar of Makhleb.
  3529 | D:3      | Noticed a moth of wrath
  3532 | D:3      | Found a bloodstained altar of Trog.
  4340 | D:4      | Noticed Sigmund
  4361 | D:4      | Killed Sigmund
  4361 | D:4      | Reached skill level 5 in Maces & Flails
  4475 | D:4      | Noticed Pikel
  4482 | D:4      | Reached XP level 7. HP: 6/53 MP: 7/7
  4484 | D:4      | Slain by Pikel

Skill      XL: |  1  2  3  4  5  6 |
---------------+-------------------+-----
Maces & Flails | 3 4 5 |  5.1
Dodging        | 3 4 |  4.0
Armour         | 1 2 |  2.7
Fighting       | 3 |  3.8
Throwing       | |  1.7

Action                   |  1- 3 |  4- 6 |  7- 9 || total
-------------------------+-------+-------+-------++-------
Melee: Flail             |   141 |   145 |     2 ||   288
       Headbutt          |    10 |    31 |     1 ||    42
Invok: Curse Item        |     3 |     1 |       ||     4
  Use: Scroll            |     1 |     7 |       ||     8
       Potion            |       |     1 |       ||     1
 Stab: Sleeping          |     1 |       |       ||     1
  Eat: Chunk             |     4 |     5 |       ||     9
       Ration            |       |     1 |       ||     1
Armor: Leather armour    |    22 |       |       ||    22
       Scale mail        |    55 |    50 |       ||   105
Dodge: Dodged            |   115 |    86 |     1 ||   202
